AoeStats
← jgmolina20

Arabia

510184301Analyzed
2v2 RM · 1d ago on Sep 29, 2026· 72m 54s· 4 players
Game mode
Random Map
Map size
Medium (4 player)
Population
200
Speed
Normal
Resources
Standard
Victory
Conquest
Starting age
Dark Age
Ending age
Imperial Age
RankedLock teamsTeams togetherTeam positionsShared explorationLock speedFull tech treeHidden civsTurbo modeCheats
Victory
Defeat
🇫🇷 Franks · France
1003
+11
🇺🇸 Mongols · United States
876
+17
🇺🇸 Cumans · United States
942
-16
🇨🇴 Magyars · Colombia
849
-12
jgmolina20
10:13 Feudal Age
17:19 Double-Bit Axe
18:03 Bloodlines
22:51 Loom
26:13 Castle Age
25:55 Fletching
26:16 Elite Skirmisher
28:28 Town Watch
30:50 Light Cavalry
34:13 Wheelbarrow
35:05 Husbandry
40:07 Corvinian Army
40:06 Horse Collar
42:06 Gold Mining
46:02 Bodkin Arrow
47:31 Bow Saw
51:27 Scale Mail Armor
51:33 Scale Barding Armor
55:10 Ballistics
54:55 Crossbowman
56:12 Fervor
60:05 Imperial Age
59:40 Chain Barding Armor
60:56 Arbalester
61:44 Thumb Ring
64:06 Padded Archer Armor
63:38 Cavalier
66:37 Chemistry
66:20 Plate Barding Armor
69:32 Hand Cart
rojasfelix253
0:48 Loom
10:19 Feudal Age
17:01 Man-at-Arms
25:10 Castle Age
25:53 Scale Barding Armor
25:49 Scale Mail Armor
25:57 Gold Mining
26:05 Double-Bit Axe
26:31 Elite Skirmisher
27:22 Fletching
29:50 Padded Archer Armor
31:09 Bodkin Arrow
32:04 Capped Ram
35:40 Wheelbarrow
38:39 Leather Archer Armor
41:58 Imperial Age
42:04 Imperial Age
40:46 Ballistics
40:24 Murder Holes
42:33 Cavalier
44:43 Pikeman
45:23 Squires
50:27 Light Cavalry
52:28 Chemistry
53:19 Ring Archer Armor
53:05 Chain Mail Armor
53:55 Chain Barding Armor
60:22 Bow Saw
60:52 Gold Shaft Mining
60:24 Crossbowman
61:09 Thumb Ring
60:31 Light Cavalry
61:21 Bloodlines
62:49 Hand Cart
66:06 Hussar
Encore
9:15 Feudal Age
10:22 Double-Bit Axe
11:29 Loom
13:05 Horse Collar
18:45 Castle Age
17:27 Gold Mining
20:19 Wheelbarrow
19:55 Bow Saw
21:53 Padded Archer Armor
25:08 Leather Archer Armor
24:43 Fletching
26:57 Heavy Plow
29:01 Gold Shaft Mining
30:14 Murder Holes
30:21 Fletching
30:40 Town Watch
31:30 Forging
32:23 Coinage
34:56 Bodkin Arrow
40:49 Pikeman
42:02 Scale Mail Armor
46:08 Imperial Age
43:56 Hand Cart
43:52 Squires
46:55 Ballistics
46:46 Masonry
46:54 Chain Mail Armor
47:36 Conscription
47:27 Arson
48:54 Iron Casting
48:04 Elite Mangudai
49:26 Siege Engineers
49:25 Bracer
51:05 Hoardings
53:54 Plate Mail Armor
55:48 Chemistry
54:30 Elite Skirmisher
55:41 Parthian Tactics
58:05 Blast Furnace
57:52 Caravan
58:03 Capped Ram
60:35 Caravan
61:05 Banking
61:07 Siege Ram
62:12 Thumb Ring
62:39 Light Cavalry
63:29 Bloodlines
63:20 Husbandry
63:48 Husbandry
63:16 Hussar
64:29 Scale Barding Armor
66:58 Chain Barding Armor
71:57 Elite Steppe Lancer
72:18 Onager
El-Ziston
7:28 Loom
11:06 Feudal Age
14:01 Forging
13:59 Scale Barding Armor
17:40 Man-at-Arms
20:26 Castle Age
18:04 Man-at-Arms
18:41 Double-Bit Axe
48:44 Pikeman
49:38 Squires
50:16 Iron Casting
49:42 Scale Mail Armor
49:44 Gambesons
52:18 Chain Mail Armor
53:04 Light Cavalry
56:56 Imperial Age
56:16 Caravan
57:11 Chain Barding Armor
57:19 Bow Saw
57:00 Halberdier
58:39 Wheelbarrow
57:50 Town Watch
58:03 Arson
59:22 Blast Furnace
60:05 Hand Cart
59:52 Town Patrol
60:01 Husbandry
62:24 Plate Mail Armor
62:30 Plate Barding Armor
63:27 Long Swordsman
65:49 Cavalier
67:27 Paladin
68:44 Gold Mining
68:44 Stone Mining
71:10 Conscription
73:40 Gold Shaft Mining
Connection lost

Rejoining the realm…

Still unreachable

The connection could not be restored.

Session expired

The server has moved on; the page needs a fresh start.